 Dungeon Crawl Stone Soup version 0.31.0-2-g5a2aebc5c2 (webtiles) character file.

Game seed: 11184687439824228790

25 apoch the Chopper (level 3, -1/31 HPs)
             Began as a Hill Orc Fighter on Jan 20, 2024.
             Killed from afar by Sigmund (5 damage)
             ... with a magic dart
             ... on level 2 of the Dungeon.
             The game lasted 00:01:41 (777 turns).

apoch the Chopper (Hill Orc Fighter)                 Turns: 777, Time: 00:01:42

Health: -1/31      AC:  6    Str: 20    XL:     3   Next: 4%
Magic:  3/3        EV:  9    Int:  8    God:
Gold:   33         SH:  0    Dex: 10    Spells: 2/2 levels left

rFire   . . .        a - +0 war axe
rCold   + . .        c - +0 buckler
rNeg    . . .        b - +0 scale mail
rPois   .            (no helmet)
rElec   .            (no cloak)
rCorr   .            (no gloves)
SInv    .            (no boots)
Will    .....        (no amulet) Stlth
                     h - ring of protection from cold
HPRegen 0.25/turn    (no ring)
MPRegen 0.08/turn

%: no passive effects
@: confused, mighty
A: no striking features
a: no special abilities


You were on level 2 of the Dungeon.
You visited 1 branch of the dungeon, and saw 2 of its levels.

You collected 33 gold pieces.

Inventory:

Hand Weapons
 a - a +0 war axe (weapon)
Armour
 b - a +0 scale mail (worn)
 c - a +0 buckler (worn)
Jewellery
 h - a ring of protection from cold (left hand)
Scrolls
 e - 2 scrolls of vulnerability {unknown}
 g - 2 scrolls of identify {unknown}
Potions
 i - a potion of brilliance {unknown}


   Skills:
 - Level 3.6 Fighting
 + Level 4.6 Axes
 - Level 3.2 Armour
 - Level 3.2 Shields


You had 2 spell levels left.
You didn't know any spells.
Your spell library was empty.

Dungeon Overview and Level Annotations

Branches:
Dungeon (2/15)

Altars:

Annotations:
D:2 Sigmund


Message History

You resist with significant effort.
You closely miss Sigmund.
Sigmund is lightly wounded.
Sigmund hits you but does no damage.
You slash Sigmund!
Sigmund is moderately wounded.
Sigmund hits you with a +0 scythe.
You closely miss Sigmund.
Sigmund is moderately wounded.
Sigmund barely misses you.
You closely miss Sigmund.
Sigmund is moderately wounded.
Sigmund casts a spell at you.
You are confused.
Sigmund barely misses you.
You miss Sigmund.
Sigmund is moderately wounded.
Sigmund hits you with a +0 scythe!
You miss Sigmund.
Sigmund is moderately wounded.
Sigmund hits you but does no damage.
You slash Sigmund!
Sigmund is almost dead.
Sigmund casts a spell at you.
You are more confused.
You're too confused to move!
Sigmund casts a spell.
Sigmund flickers and vanishes!
Deactivating autopickup; reactivate with Ctrl-A.
You completely miss something.
You hear some strange, mumbled words.
A magic dart appears from out of thin air!
The magic dart hits you.
You closely miss something. Something hits you!
* * * LOW HITPOINT WARNING * * *
You closely miss something.
You hear some strange, mumbled words.
A magic dart appears from out of thin air!
The magic dart hits you.
You die...

# #. #
#####.####.#
#.......@{.#
#.#####.####
#.#######
#<.......
#########


There were no monsters in sight!

Vanquished Creatures
  3 bats (D:1)
  3 endoplasms (D:1)
  5 goblins (D:1)
  A hobgoblin (D:1)
  2 ball pythons (D:1)
  3 frilled lizards (D:1)
  3 kobolds (D:1)
  4 rats (D:1)
24 creatures vanquished.

Notes
Turn   | Place    | Note
-------+----------+-------------------------------------------
     0 | D:1      | apoch the Hill Orc Fighter began the quest for the Orb.
     0 | D:1      | Reached XP level 1. HP: 19/19 MP: 1/1
    33 | D:1      | Reached skill level 3 in Axes
   144 | D:1      | Reached XP level 2. HP: 26/26 MP: 2/2
   221 | D:1      | Reached skill level 4 in Axes
   311 | D:1      | Found a faded altar of an unknown god.
   685 | D:1      | Reached XP level 3. HP: 31/31 MP: 3/3
   759 | D:2      | Noticed Sigmund
   777 | D:2      | Killed from afar by Sigmund

Illustrated notes

Levels and vault maps discovered:
D:1:      dpeg_arrival_round_a, layout_rooms,
          ebering_ecumenical_altar_abandoned, bh_walls_and_bars
D:2:      layout_loops_ring, basic_altar, uniq_crazy_yiuf_cottage, uniq_sigmund

Skill      XL: |  1  2 |
---------------+-------+-----
Axes           | 3 4 |  4.6
Fighting       | |  3.6
Armour         | |  3.2
Shields        | |  3.2

Action                     || total
---------------------------++-------
  Melee: War axe           ||    85
  Throw: Stone             ||    20
    Use: Potion            ||     1
 Armour: Scale mail        ||    71
  Dodge: Dodged            ||    45
  Block: Buckler           ||    14
